 Dungeon Crawl Stone Soup version 0.31-a0-259-g771a54c (webtiles) character file.

Game seed: 13876264440126446678

3031 Dawnplanks the Zephyrmancer (level 9, -2/46 HPs)
             Began as a Tengu Air Elementalist on July 13, 2023.
             Was an Initiate of Vehumet.
             Slain by an orc warrior
             ... wielding a +0 glaive
              (17 damage)
             ... on level 8 of the Dungeon.
             The game lasted 00:15:18 (9074 turns).

Dawnplanks the Zephyrmancer (TeAE)                  Turns: 9074, Time: 00:15:19

Health: -2/46      AC:  4    Str:  9    XL:     9   Next: 86%
Magic:  2/21       EV: 20    Int: 19    God:    Vehumet [......]
Gold:   648        SH:  0    Dex: 15    Spells: 13/23 levels left

rFire   . . .        F - +2 hand axe (venom)
rCold   . . .        (no shield)
rNeg    . . .        r - +1 robe
rPois   .            (helmet restricted)
rElec   .            (no cloak)
rCorr   .            A - +0 pair of gloves
SInv    .            (boots unavailable)
Will    +....        (no amulet)
Stlth   ++           f - ring of willpower
HPRegen 0.27/turn    g - +5 ring of evasion
MPRegen 0.17/turn

%: no passive effects
@: about to teleport, flying quickly and evasively, quick
A: beak, talons 3, nimble flight
a: Renounce Religion


You were on level 8 of the Dungeon.
You worshipped Vehumet.
Vehumet was noncommittal.
You visited 2 branches of the dungeon, and saw 9 of its levels.
You also visited: Ossuary.

You collected 648 gold pieces.

Inventory:

Hand Weapons
 F - a +2 hand axe of venom (weapon)
Missiles
 c - a throwing net
Armour
 q - a scarf of harm
 r - a +1 robe (worn)
 A - a +0 pair of gloves (worn)
Jewellery
 f - a ring of willpower (left hand)
 g - a +5 ring of evasion (right hand)
Wands
 z - a wand of polymorph (4)
 C - a wand of flame (20)
 E - a wand of roots (2)
Scrolls
 b - a scroll of fog {unknown}
 h - 6 scrolls of noise
 i - a scroll of enchant weapon {unknown}
 k - 4 scrolls of teleportation
 l - 2 scrolls of revelation {unknown}
 m - a scroll of amnesia {unknown}
 o - 3 scrolls of poison {unknown}
 p - 3 scrolls of fear
 u - 3 scrolls of enchant armour
 w - a scroll of torment {unknown}
 y - a scroll of silence {unknown}
 B - a scroll of blinking {unknown}
 D - a scroll of vulnerability {unknown}
Potions
 a - a potion of attraction
 d - 4 potions of curing
 e - 3 potions of brilliance
 j - 3 potions of invisibility {unknown}
 n - 3 potions of enlightenment
 s - a potion of might
 t - 2 potions of ambrosia {unknown}
 v - 2 potions of berserk rage
 x - 3 potions of heal wounds {unknown}


   Skills:
 * Level 0.9 Fighting
 * Level 3.0 Dodging
 - Level 2.0 Stealth
 + Level 7.5 Spellcasting
 + Level 7.7 Conjurations
 + Level 12.0 Air Magic


You had 13 spell levels left.
You knew the following spells:

 Your Spells              Type           Power      Damage    Failure   Level
a - Shock                 Conj/Air       100%       1d9       1%          1
b - Static Discharge      Conj/Air       88%        2-6/arc   1%          2
c - Swiftness             Air            52%        N/A       1%          3
d - Airstrike             Air            26%        2d(4-20)  1%          4

Your spell library contained the following spells:

 Spells                   Type           Power      Damage    Failure   Level
 Slow                     Hex            28%        N/A       10%         1
 Scorch                   Fire           14%        2d6       14%         2
 Flame Wave               Conj/Fire      21%        2d8       19%         4
 Fulminant Prism          Conj/Hex       10%        3d8       19%         4
 Cause Fear               Hex            3%         N/A       67%         4
 Simulacrum               Ice/Necr       3%         N/A       100%        6
 Summon Cactus Giant      Summ           3%         N/A       100%        6
 Ozocubu's Refrigeration  Ice            3%         4d8       100%        7
 Polar Vortex             Ice            3%         N/A       100%        9


Dungeon Overview and Level Annotations

Branches:
Dungeon (8/15)             Temple (1/1) D:5         Ossuary (visited)
   Lair: D:8-11

Altars:
Ashenzari
Cheibriados
Dithmenos
Elyvilon
Fedhas
Gozag
Hepliaklqana
Makhleb
Nemelex Xobeh
Okawaru
Qazlal
Ru
Sif Muna
Trog
Vehumet
Wu Jian
Xom
Yredelemnul
Zin
The Shining One

Shops:
D:3 [   D:6 [


Innate Abilities, Weirdness & Mutations

You have a beak for a mouth.
You have claws for feet.
Your magical nature lets you fly swiftly and evasively.


Message History

Casting: Airstrike (dangerous; 1% risk of failure)
Confirm with . or Enter, or press ? or * to list all spells.
Aiming: Airstrike (dangerous; 1% risk of failure)
Press: ? - help, Dir - move target, f/p - orc warrior
Aim: an orc warrior, wielding a +0 glaive, wearing a +0 plate armour and quivering stones (moderately wounded, empty space bonus: 4/8)
The air twists around and strikes the orc warrior.
The orc warrior is moderately wounded.
The orc warrior throws a stone.
The stone hits you.
Aiming: Throw Flame
Press: ? - help, Shift-Dir - straight line, f/p - orc warrior
Aim: an orc warrior, wielding a +0 glaive, wearing a +0 plate armour and quivering stones (moderately wounded, 68% to hit)
The puff of flame hits the orc warrior but does no damage.
The orc warrior is moderately wounded.
Aiming: Fastroot
Press: ? - help, Shift-Dir - straight line, f/p - orc warrior
Aim: an orc warrior, wielding a +0 glaive, wearing a +0 plate armour and quivering stones (moderately wounded)
The roots erupt in riotous growth!
Roots grab the orc warrior.
The grasping roots constrict the orc warrior, but do no damage.
You hear an angry hiss.
You hear a shout!
Something unseen opens the door.
The orc warrior hits you from afar with a +0 glaive!
* * * LOW HITPOINT WARNING * * *
A necrophage opens the door.
The grasping roots constrict the orc warrior.
The roots release their grip on the orc warrior.
Something unseen opens the door.
The orc warrior throws a stone.
The stone completely misses you.
A necrophage comes into view.
A mummy comes into view.
The orc warrior throws a stone.
The stone closely misses you.
As you read the scroll of teleportation, it crumbles to dust.
You feel strangely unstable.
You feel better. The necrophage hits you.
* * * LOW HITPOINT WARNING * * *
The necrophage hits you but does no damage.
The mummy misses you.
You feel better.
The orc warrior hits you from afar with a +0 glaive!
You die...

##...................###........#
##...................##.........#
..........(..>........#.......##.
................[................
....##.####......>......##.......
.....### ###############...###.#
.......###8##.# .# #...#####
..........###†#+#M#+#+#+#.....#
...........'..on@n......#.#..##
≈≈≈≈..#...###'#+#+#'#+#+#.####
...≈..##..8##. #.##
≈≈.≈..#...#### ######..###
_≈.≈..#...# #.........##
.≈.≈....... ##.........#
.≈.≈........ #........## ........
##....##..## #..........#


You could see an orc warrior, 2 necrophages and a mummy.

Vanquished Creatures
  Pikel (D:7)
  A wyvern (D:6)
  A steam dragon (D:8)
  Menkaure (D:5)
  4 ice beasts
  2 black bears (D:6)
  A centaur (D:7)
  A lemure (D:7)
  6 phantoms
  A kobold brigand (D:6)
  2 bullfrogs
  A necrophage (D:8)
  A scorpion (D:5)
  4 orc priests
  4 hounds
  3 iguanas
  Jessica (D:3)
  A sleepcap (D:6)
  6 orc wizards
  8 mummies (Ossuary)
  5 gnolls
  2 adders
  A shadow imp (D:5)
  2 white imps
  2 worms (D:2)
  3 dart slugs
  19 orcs
  7 bats
  10 endoplasms
  2 giant cockroaches (D:3)
  A gnoll zombie (Ossuary)
  4 goblins
  11 hobgoblins
  3 jackals (D:1)
  5 quokkas
  6 ball pythons
  5 frilled lizards
  2 hobgoblin zombies (Ossuary)
  10 kobolds
  3 kobold zombies (Ossuary)
  2 orc zombies (Ossuary)
  3 rats
158 creatures vanquished.

Notes
Turn   | Place    | Note
-------+----------+-------------------------------------------
     0 | D:1      | Dawnplanks the Tengu Air Elementalist began the quest for
                  | the Orb.
     0 | D:1      | Reached XP level 1. HP: 10/10 MP: 4/4
   181 | D:1      | Reached XP level 2. HP: 15/15 MP: 4/6
   184 | D:1      | Learned a level 2 spell: Static Discharge
   691 | D:1      | Reached XP level 3. HP: 14/19 MP: 0/7
  1135 | D:2      | Reached skill level 5 in Air Magic
  1825 | D:2      | Learned a level 3 spell: Swiftness
  1961 | D:2      | Found a faded altar of an unknown god.
  2099 | D:3      | Found Lapsyibuwn's Antique Armour Boutique.
  2158 | D:3      | Reached XP level 4. HP: 24/24 MP: 7/9
  2184 | D:3      | Found an ornate altar of the Wu Jian Council.
  2607 | D:3      | Found a glowing silver altar of Zin.
  3023 | D:3      | Noticed Jessica
  3025 | D:3      | Killed Jessica
  3026 | D:3      | Gained mutation: Your magical nature lets you fly swiftly
                  | and evasively. [Tengu growth]
  3026 | D:3      | Reached XP level 5. HP: 28/28 MP: 7/10
  3497 | D:4      | Reached skill level 6 in Air Magic
  3734 | D:4      | Noticed a phantom
  3743 | D:4      | Killed a phantom
  3744 | D:4      | Reached XP level 6. HP: 32/32 MP: 5/12
  3988 | D:4      | Got the Exposition on the Jinx
  3994 | D:4      | Learned a level 4 spell: Airstrike
  4164 | D:5      | Entered Level 5 of the Dungeon
  4260 | D:5      | Found a sand-covered staircase.
  4266 | Ossuary  | Entered an ossuary
  4934 | D:5      | Reached skill level 5 in Conjurations
  4934 | D:5      | Reached skill level 7 in Air Magic
  4934 | D:5      | Reached XP level 7. HP: 36/36 MP: 8/14
  5047 | D:5      | Noticed Menkaure
  5049 | D:5      | Killed Menkaure
  5241 | D:5      | Reached skill level 8 in Air Magic
  5308 | D:5      | Reached XP level 8. HP: 31/41 MP: 8/16
  5428 | D:5      | Found a staircase to the Ecumenical Temple.
  5433 | Temple   | Entered the Ecumenical Temple
  6009 | D:6      | Reached skill level 5 in Spellcasting
  6192 | D:6      | Reached skill level 9 in Air Magic
  6463 | D:6      | Noticed a wyvern
  6490 | D:6      | Killed a wyvern
  6491 | D:6      | Reached skill level 10 in Air Magic
  6612 | D:6      | Reached XP level 9. HP: 35/45 MP: 11/19
  6950 | D:6      | Found Winkelried's Dragon-Slaying Spoils.
  7303 | D:7      | Found a radiant altar of Vehumet.
  7312 | D:7      | Became a worshipper of Vehumet
  7816 | D:7      | Noticed Pikel
  7822 | D:7      | Killed Pikel
  7823 | D:7      | Reached skill level 11 in Air Magic
  8728 | D:8      | Found a bloodstained altar of Trog.
  8859 | D:8      | Found a snail-covered altar of Cheibriados.
  9034 | D:8      | Found an opulent altar of Gozag.
  9050 | D:8      | Reached skill level 12 in Air Magic
  9074 | D:8      | Slain by an orc warrior

Illustrated notes

Levels and vault maps discovered:
D:1:      dpeg_arrival_simpleton_c, layout_loops_ring,
          dreamdust_princess_corridor
D:2:      layout_loops_ring, chequers_ecumenical_altar_grove
D:3:      layout_loops_cross, nicolae_wu_jian_wuxing_cycle,
          nicolae_overflow_crystal_walls, serial_shops, shop_statue,
          glass_columns_c, uniq_jessica
D:4:      layout_basic, minmay_splitting_lines
D:5:      layout_basic, temple_doors_e, enter_ossuary_2,
          kennysheep_generic_room_12, uniq_menkaure
D:6:      layout_cave_pools, kennysheep_cross_bottleneck,
          minmay_misc_feat_tower, nicolae_shop_dragon_depot
D:7:      layout_loops_ring, lemuel_round_altar, serial_glass, glass_columns_a,
          glass_columns_a, glass_columns_b, glass_columns_a, feat_on_display,
          due_unseen_surprise, minmay_misc_feat_iff, uniq_pikel
D:8:      layout_cave_pools, mainiacjoe_overflow_small_starburst,
          mainiacjoe_overflow_catwalk_spiral, kennysheep_mini_moat,
          lemuel_mausoleum_altar_kikubaaqudgha, uniq_grum
Temple:   eino_temple_water

Skill      XL: |  1  2  3  4  5  6  7  8  9 |
---------------+----------------------------+-----
Air Magic      | 5 6 7 8 10 12 | 12.0
Conjurations   | 2 3 5 7 |  7.7
Spellcasting   | 3 4 6 7 |  7.5
Dodging        | 3 |  3.0
Fighting       | |  0.9
Stealth        | |  2.0

Action                     |  1- 3 |  4- 6 |  7- 9 || total
---------------------------+-------+-------+-------++-------
  Melee: Unarmed           |    10 |    12 |       ||    22
         Peck              |     1 |     1 |       ||     2
         Kick              |     3 |     4 |     2 ||     9
         Whip              |       |       |     6 ||     6
   Cast: Shock             |    80 |   128 |    84 ||   292
         Static Discharge  |       |     8 |    18 ||    26
         Airstrike         |       |     1 |    52 ||    53
  Evoke: Wand              |       |       |     2 ||     2
    Use: Scroll            |       |     6 |     6 ||    12
         Potion            |       |       |     3 ||     3
 Armour: Robe              |     3 |     7 |     3 ||    13
  Dodge: Dodged            |     9 |    20 |    34 ||    63

Table legend: (Time is in decaauts)
 A = Elapsed time spent in this place.
 B = Non-inter-level travel time spent in this place.
 C = Inter-level travel time spent in this place.
 D = Time resting spent in this place.
 E = Time spent auto-exploring this place.
 F = Levels seen in this place.
 G = Mean time per level.
                   A        B        C        D        E       F      G
               +--------+--------+--------+--------+--------+-----+--------+
         Total |   8762 |   8380 |    382 |    544 |   6942 |  10 |  876.2 |
       Dungeon |   7911 |   7553 |    358 |    295 |   6507 |   8 |  988.9 |
        Temple |    224 |    201 |     23 |      0 |    188 |   1 |  224.0 |
       Ossuary |    625 |    625 |      0 |    249 |    246 |   1 |  625.0 |
               +--------+--------+--------+--------+--------+-----+--------+

Top non-repeatable levels by time:
     D:7: 1268 daAuts
     D:3: 1255 daAuts
     D:6: 1176 daAuts
     D:1: 1110 daAuts
     D:2: 937 daAuts
     D:4: 868 daAuts
     D:5: 708 daAuts
 Ossuary: 625 daAuts
     D:8: 585 daAuts
  Temple: 224 daAuts
